Arrhythmia, chaotic female vampiric Convict ------ ---.|..| --- ----- |..%.|.| --.-- --...| --- -------.|.---- ---- |...-- |....| |.-- --..||.%.|.| --..| --...| --..-- |*.---- |...--.--|.| |...| |...-----..| --..|.-- ---.--.%.| |.| ---...| --....-->..-- --....------------------)..--.--- |.------- |...|.| |-.........----- --...........).)..[...[).)...| |.)%.%%.| ---.--|.| |.....---|..--.-- --.............--..-...------ |..----%---|...| |.| |SqPr.| --......| ---- --...........<.(........-- ------ |...--.--- |.--- |@iaq.-----....-| |..| --...................)..| --.--.-----....| |.}.| |r'......|--....| --..| |....................%.| |.......| |....| ---}--|@---....| --..-- |...----|...---................-----.......| --.|.| |}})|u----.--- |..-- |-.....--..-----..................|........-- |.|.| ---}}:.----- |-..| --................................^..---.---.--|.|.|--- |%:fd.| |..-- |..........------------.|............| --- |..||.|.|..| --[..}.| ----..-- --..|.......| ----.......--..-- ----|.|.|..| |....--- --......| -----.....-- --......||...| |....--- |....| |......-- ---.--- ----------.-- ---..| --.--- --..---- --- --- ---- --- ---- Arrhythmia the Jail-bird Experience level: 7 Strength: 15 Dexterity: 10 Constitution: 19 Intelligence: 15 Wisdom: 9 Charisma: 7 Health: 0(72) Energy: 31(36) AC: 2 Gold: 303 Moves: 2630 Your Inventory: Coins $ - 303 gold pieces Weapons a - an [uncursed +0] dwarvish mattock Armor b - a cursed +0 striped shirt (being worn) o - an [uncursed] +1 dwarvish mithril-coat (being worn) q - a [blessed] +0 hooded cloak [dwarvish] (being worn) A - an [uncursed] +0 leather hat [elven leather helm] (being worn) B - a [cursed +0] apron [alchemy smock] C - a [blessed +2] faded pall [elven cloak] Scrolls d - an [uncursed] scroll labeled FNORD [of light] i - an [uncursed] scroll of magic mapping Potions f - an [uncursed] clear potion [of water] Rings g - an [uncursed +7] sapphire ring [of gain wisdom] Wands e - a [cursed] wand of speed monster [0:4] m - an [uncursed] wand of striking [0:0] t - an [uncursed] wand of speed monster [0:4] x - an [uncursed] wand of magic missile [0:0] z - a [cursed] wand of striking [0:0] Tools u - an [uncursed tallow] candle Gems v - an [uncursed] gray stone [touchstone] Spells known in the end: Name Level Category Fail Memory Your skills at the end: Fighting Skills Weapon Skills sling [Basic / Skilled] Spellcasting Skills Final Attributes: You were piously aligned. Hunger level was 140. Your alignment was 22 / 23. Monster difficulty range was 0 - 6. Level difficulty was 5. You were immune to poison. You were immune to level-drain. You were immune to sickness. You were punished. You could fly. You could survive without air. You were held by a rope golem. You regenerated. Your luck was zero. You are dead. Vanquished creatures: an iron piercer a dingo 3 Woodland-elves a bugbear 2 Mordor orcs 2 enormous rats a rock mole a gnome lord a baby crocodile 2 giant ants 2 dwarves 2 hill orcs 6 rothes 2 giant bats an iguana an acid blob a gas spore 2 hobbits a large kobold a yellow mold a green mold 11 gnomes 7 garter snakes 2 geckos a jackal a fox a goblin 3 sewer rats 4 grid bugs a lichen a kobold zombie 2 newts 69 creatures vanquished. Voluntary challenges: You went without food. You never hit with a wielded weapon. You read items or engraved 4 times. You put on armor 10 times. You never genocided any monsters. You never polymorphed an object. You never changed form. You used no wishes. You abstained from Elbereth's help. You encountered 1 bones level. You never used any Sokoban shortcuts. Dungeon overview: The Dungeons of Doom: levels 1 to 3 Level 1 a long staircase Level 2 an armor shop, a fountain Level 3 stairs to The Gnomish Mines The Gnomish Mines: levels 4 to 5 Level 4 stairs to The Dungeons of Doom Level 5 <- You were here History has recorded: On T:1 you entered the Dungeons of Doom to retrieve the Amulet of Yendor! On T:106 you advanced to experience level 2. On T:620 you reached level 2 of The Dungeons of Doom. On T:893 you advanced to experience level 3. On T:954 you reached level 3 of The Dungeons of Doom. On T:1112 you advanced to experience level 4. On T:1374 you reached level 1 of The Gnomish Mines. On T:1397 you advanced to experience level 5. On T:1582 you advanced to experience level 6. On T:2128 you reached level 2 of The Gnomish Mines. On T:2173 you advanced to experience level 7. Latest messages: Never mind. [HP+1=27] You cannot escape from the rope golem! The enormous rat misses. The rope golem hits! (2x) You are being choked. [HP-9=18] Never mind. As you read the scroll, it disappears. A map coalesces in your mind! The enormous rat bites! The rope golem misses. The rope golem hits! You are being choked. [HP-14=4] As you read the scroll, it disappears. The enormous rat bites! You die... Final status: Goodbye Arrhythmia the Convict... You died in The Gnomish Mines on dungeon level 5 with 3097 points, and 303 pieces of gold, after 2630 moves. You were level 7 with a maximum of 72 hit points when you died.